 Dungeon Crawl Stone Soup version 0.30-a0-972-gf3ab3527aa (webtiles) character file.

Game seed: 3193381465931025308

49 Jackthecabe the Cudgeller (level 3, 0/31 HPs)
             Began as a Gnoll Wanderer on Apr 1, 2023.
             Slain by Grinder (7 damage)
             ... on level 3 of the Dungeon.
             The game lasted 00:03:23 (2064 turns).

Jackthecabe the Cudgeller (Gnoll Wanderer)          Turns: 2064, Time: 00:03:24

Health: 0/31       AC:  3    Str: 14    XL:     3   Next: 77%
Magic:  7/7        EV: 11    Int: 11    God:
Gold:   148        SH:  0    Dex: 10    Spells: 4/7 levels left

rFire   . . .      SeeInvis .    a - +0 mace
rCold   . . .      Faith    .    (no shield)
rNeg    . . .      Spirit   .    d - +0 leather armour
rPois   .          Reflect  .    (no helmet)
rElec   .          Rampage  .    (no cloak)
rCorr   .                        (no gloves)
Will    .....                    (no boots)
Stlth   +                        n - amulet of magic regeneration
HPRegen 0.25/turn                (no ring)
MPRegen 0.50/turn                (no ring)

@: very slightly contaminated
A: fangs 1, strong nose, distributed training
a: no special abilities


You were on level 3 of the Dungeon.
You visited 1 branch of the dungeon, and saw 3 of its levels.

You collected 148 gold pieces.


Innate Abilities, Weirdness & Mutations

You have very sharp teeth.
Your uncanny sense of smell can sniff out nearby items.
Your experience applies equally to all skills.


   Skills:
 + Level 4.6 Fighting
 + Level 1.0 Short Blades
 + Level 1.0 Long Blades
 + Level 1.0 Axes
 + Level 6.5 Maces & Flails
 + Level 1.0 Polearms
 + Level 1.0 Staves
 + Level 1.0 Ranged Weapons
 + Level 1.0 Throwing
 + Level 1.0 Armour
 + Level 1.0 Dodging
 + Level 1.0 Stealth
 + Level 1.0 Shields
 + Level 1.0 Unarmed Combat
 + Level 2.9 Spellcasting
 + Level 0.7 Conjurations
 + Level 0.7 Hexes
 + Level 0.7 Summonings
 + Level 0.7 Necromancy
 + Level 0.7 Translocations
 + Level 0.7 Transmutations
 + Level 0.7 Fire Magic
 + Level 0.7 Ice Magic
 + Level 0.7 Air Magic
 + Level 0.7 Earth Magic
 + Level 3.8 Poison Magic
 + Level 1.0 Invocations
 + Level 4.6 Evocations


You had 4 spell levels left.
You knew the following spells:

 Your Spells              Type           Power      Damage    Failure   Level
p - Poisonous Vapours     Pois/Air       12%        N/A       21%         2
z - Sting                 Tmut/Pois      24%        1d4       13%         1

Your spell library contained the following spells:

 Spells                   Type           Power      Damage    Failure   Level
 Spider Form              Tmut/Pois      6%         N/A       36%         3
 Portal Projectile        Hex/Tloc       6%         N/A       58%         3
 Tukima's Dance           Hex            3%         N/A       58%         3
 Blade Hands              Tmut           1%         N/A       100%        5
 Yara's Violent Unravell  Hex/Tmut       1%         3d3       100%        5
 Enfeeble                 Hex            1%         N/A       100%        7

Inventory:

Hand Weapons
 a - a +0 mace (weapon)
Missiles
 l - a throwing net {=f}
Armour
 d - a +0 leather armour (worn)
Jewellery
 n - an amulet of magic regeneration (around neck)
Wands
 b - a wand of flame (6)
Scrolls
 e - 2 scrolls of identify {unknown}
 f - a scroll of teleportation {unknown}
 h - a scroll of silence {unknown}
 j - 2 scrolls of brand weapon {unknown}
 k - a scroll of amnesia {unknown}
Potions
 c - a potion of might
 g - 2 potions of mutation {unknown}
 i - 2 potions of curing {unknown}
 m - a potion of degeneration {unknown}

Dungeon Overview and Level Annotations

Branches:
Dungeon (3/15)

Altars:

Annotations:
D:3 Grinder

##.#.#
##....##
#.#....##
#.#.....####
#.##........
##....#####
####.#######.
#5S...(.).
#@########
#S# #.#
#.#######
#.......#
#######5# #.#
#.# #.# ∆


You could see Grinder, an adder and a ball python.


Message History

You are poisoned.
The adder poisons you! The adder closely misses you.
You feel sick.
You feel sick.
You feel sick. The adder bites you but does no damage.
The adder attacks as you move away! The adder bites you but does no damage.
You feel sick. The adder attacks as you move away! The adder bites you.
* * * LOW HITPOINT WARNING * * *
You feel sick.
You are no longer poisoned.
A ball python comes into view.
You hit the adder but do no damage. Your punch misses the adder.
The adder bites you but does no damage. The adder barely misses you.
Unknown command.
You closely miss the adder. The adder closely misses you.
You closely miss the adder. Your bite misses the adder.
The adder closely misses you.
Grinder blinks!
You miss the adder. The adder bites you.
* * * LOW HITPOINT WARNING * * *
The adder bites you but does no damage.
You barely miss the adder. Your bite misses the adder. Grinder gestures at you.
Pain shoots through your body!
* * * LOW HITPOINT WARNING * * *
The adder closely misses you.
You miss the adder. The ball python bites you.
* * * LOW HITPOINT WARNING * * *
The ball python misses you. The adder closely misses you. Grinder hits you!
You die...

Skill      XL: |  1  2  3 |
---------------+----------+-----
Invocations    | 1 |  1.0
Short Blades   | 1 |  1.0
Long Blades    | 1 |  1.0
Axes           | 1 |  1.0
Polearms       | 1 |  1.0
Staves         | 1 |  1.0
Ranged Weapons | 1 |  1.0
Throwing       | 1 |  1.0
Armour         | 1 |  1.0
Dodging        | 1 |  1.0
Stealth        | 1 |  1.0
Shields        | 1 |  1.0
Unarmed Combat | 1 |  1.0
Fighting       | |  4.6
Maces & Flails | |  6.5
Spellcasting   | |  2.9
Conjurations   | |  0.7
Hexes          | |  0.7
Summonings     | |  0.7
Necromancy     | |  0.7
Translocations | |  0.7
Transmutations | |  0.7
Fire Magic     | |  0.7
Ice Magic      | |  0.7
Air Magic      | |  0.7
Earth Magic    | |  0.7
Poison Magic   | |  3.8
Evocations     | |  4.6

Action                     || total
---------------------------++-------
  Melee: Mace              ||    66
         Bite              ||     7
         Punch             ||     1
   Cast: Sting             ||    33
         Poisonous Vapours ||     7
 Armour: Leather armour    ||    22
  Dodge: Dodged            ||    44

Levels and vault maps discovered:
D:1:      erik_arrival_orb_chamber, layout_basic
D:2:      layout_loops_corners
D:3:      layout_loops_ring, mainiacjoe_overflow_alcove_2, tgw_fedhas,
          mainiacjoe_overflow_boulevard, serial_shops, shop, uniq_jessica,
          uniq_grinder

Notes
Turn   | Place    | Note
-------+----------+-------------------------------------------
     0 | D:1      | Jackthecabe the Gnoll Wanderer began the quest for the Orb.
     0 | D:1      | Jackthecabe set off with the following items: a +0 mace, a
                  | wand of flame (6), a potion of might, a +0 leather armour;
                  | and the following spell memorised: Sting; and the following
                  | spells available to memorise: Poisonous Vapours, Spider
                  | Form.
     0 | D:1      | Reached XP level 1. HP: 20/20 MP: 4/4
   149 | D:1      | Reached XP level 2. HP: 26/26 MP: 1/5
   152 | D:1      | Learned a level 2 spell: Poisonous Vapours
  1287 | D:2      | Reached XP level 3. HP: 31/31 MP: 0/7
  1418 | D:2      | Reached skill level 1 in Invocations
  1880 | D:2      | Reached skill level 1 in Short Blades
  1880 | D:2      | Reached skill level 1 in Long Blades
  1880 | D:2      | Reached skill level 1 in Axes
  1880 | D:2      | Reached skill level 1 in Polearms
  1880 | D:2      | Reached skill level 1 in Staves
  1880 | D:2      | Reached skill level 1 in Ranged Weapons
  1880 | D:2      | Reached skill level 1 in Throwing
  1880 | D:2      | Reached skill level 1 in Armour
  1880 | D:2      | Reached skill level 1 in Dodging
  1880 | D:2      | Reached skill level 1 in Stealth
  1880 | D:2      | Reached skill level 1 in Shields
  1880 | D:2      | Reached skill level 1 in Unarmed Combat
  2017 | D:3      | Noticed Grinder
  2064 | D:3      | Slain by Grinder

Vanquished Creatures
  An adder (D:2)
  3 dart slugs
  4 endoplasms
  A giant cockroach (D:2)
  3 goblins (D:2)
  6 hobgoblins
  3 bats
  2 frilled lizards
  6 kobolds
  5 rats
34 creatures vanquished.

Table legend: (Time is in decaauts)
 A = Elapsed time spent in this place.
 B = Non-inter-level travel time spent in this place.
 C = Inter-level travel time spent in this place.
 D = Time resting spent in this place.
 E = Time spent auto-exploring this place.
 F = Levels seen in this place.
 G = Mean time per level.
                   A        B        C        D        E       F      G
               +--------+--------+--------+--------+--------+-----+--------+
         Total |   2068 |   2046 |     22 |      0 |   1760 |   3 |  689.3 |
       Dungeon |   2068 |   2046 |     22 |      0 |   1760 |   3 |  689.3 |
               +--------+--------+--------+--------+--------+-----+--------+

Top non-repeatable levels by time:
     D:2: 1089 daAuts
     D:1: 837 daAuts
     D:3: 140 daAuts

Table legend:
 A = Non-vault XP
 B = Vault XP
 C = Vault XP percentage of total XP
 D = Non-vault monster count
 E = Vault monster count
 F = Vault count percentage of total count
                 A         B        C        D         E       F
            +---------+---------+-------+---------+---------+-------
      Total |      71 |       0 |   0.0 |      34 |       0 |   0.0
            +---------+---------+-------+---------+---------+-------
        D:1 |      26 |       0 |   0.0 |      16 |       0 |   0.0
        D:2 |      40 |       0 |   0.0 |      16 |       0 |   0.0
        D:3 |       5 |       0 |   0.0 |       2 |       0 |   0.0
            +---------+---------+-------+---------+---------+-------
